 Dungeon Crawl Stone Soup version 0.29-a0-333-gb4c28e87c6 (webtiles) character file.

Game seed: 11788776751881834365

202006 nuaici the Executioner (level 17, -16/160 HPs)
             Began as a Minotaur Fighter on Apr 12, 2022.
             Was the Champion of Okawaru.
             Demolished by a frost giant
             ... wielding a +0 battleaxe of freezing
              (26 damage)
             ... on level 1 of the Vaults on Apr 13, 2022.
             The game lasted 02:07:28 (40461 turns).

nuaici the Executioner (Minotaur Fighter)          Turns: 40461, Time: 02:07:28

Health: -16/160    AC: 22    Str: 39    XL:     17   Next: 93%
Magic:  16/16      EV: 23    Int:  2    God:    Okawaru [******]
Gold:   1018       SH: 23    Dex: 17    Spells: 16/16 levels left

rFire   . . .      SeeInvis .   a - +3 war axe (spect)
rCold   + . .      Faith    .   h - +3 tower shield {rPois}
rNeg    + + .      Spirit   .   I - +5 ring mail "Fupur" {Regen+}
rPois   +          Reflect  .   F - +1 hat of Arall {Slay+2}
rElec   +          Harm     .   W - +0 cloak "Mioch" {Drain rPois Str+2 Dex+6}
rCorr   .          Rampage  .   J - +1 pair of gloves "Kecvumen" {rPois Str+3}
Will    +....                   y - +1 pair of boots
Stlth   +.........              X - amulet of the acrobat
HPRegen 1.16/turn               N - ring of Miupiluf {rElec rC+ rN++ Str+6 Int-3}
MPRegen 0.15/turn               S - +4 ring of evasion

@: marked, on berserk cooldown, slowed, very slow
A: horns 2, retaliatory headbutt
}: 1/15 runes: serpentine
a: Renounce Religion, Heroism, Finesse, Duel


You were on level 1 of the Vaults.
You worshipped Okawaru.
Okawaru was exalted by your worship.
You visited 5 branches of the dungeon, and saw 27 of its levels.

You collected 2176 gold pieces.
You spent 1158 gold pieces at shops.

Inventory:

Hand Weapons
 a - a +3 spectral war axe (weapon)
 w - a +5 battleaxe of protection
 E - a +5 hunting sling of flaming
 Q - the +4 trident "nuaici's Doom" {speed, rElec}
   (You found it on level 11 of the Dungeon)

   Attacks with this weapon are significantly faster.
   rElec:     It insulates you from electricity.
 U - a +2 demon trident of chaos
Missiles
 j - 6 javelins
 u - 4 throwing nets
Armour
 c - the +0 tower shield of the Unseen Realm {Will+}
   (You acquired it on level 11 of the Dungeon)

   Will:      It increases your willpower.
 h - a +3 tower shield of poison resistance (worn)
 k - the +0 ring mail of the Locust {Rampage *Slow Dex+7}
   (Okawaru gifted it to you on level 12 of the Dungeon)

   Dex:       It affects your dexterity (+7).
   *Slow:     It may slow you when you take damage.
   Rampage:   It bestows one free step when moving towards enemies.
 y - a +1 pair of boots (worn)
 B - the +6 chain mail of Yrcheutzo {Drain rElec rC+++ Stlth-}
   (You found it on level 5 of the Dungeon)

   rC:        It renders you almost immune to cold.
   rElec:     It insulates you from electricity.
   Drain:     It drains your maximum health when unequipped.
   Stlth:     It makes you less stealthy.
 D - a +2 chain mail of poison resistance
 F - the +1 hat of Arall (worn) {Slay+2}
   (Okawaru gifted it to you on level 3 of the Snake Pit)

   Slay:      It affects your accuracy & damage with ranged weapons and melee
   (+2).
 I - the +5 ring mail "Fupur" (worn) {Regen+}
   (You bought it in a shop on level 2 of the Snake Pit)

   Regen:     It increases your rate of health regeneration.
 J - the +1 pair of gloves "Kecvumen" (worn) {rPois Str+3}
   (Okawaru gifted it to you on level 1 of the Snake Pit)

   Str:       It affects your strength (+3).
   rPois:     It protects you from poison.
 R - the +3 salamander hide armour {Flames rF++ rC--}
   (You found it on level 1 of the Lair of Beasts)

   It surrounds you with a cloud of flames.
   It grants immunity to clouds of flame.
   It enhances your fire magic.
   rF:        It greatly protects you from fire.
   rC:        It makes you very vulnerable to cold.
 W - the +0 cloak "Mioch" (worn) {Drain rPois Str+2 Dex+6}
   (Okawaru gifted it to you on level 6 of the Lair of Beasts)

   Str:       It affects your strength (+2).
   Dex:       It affects your dexterity (+6).
   rPois:     It protects you from poison.
   Drain:     It drains your maximum health when unequipped.
Jewellery
 L - a +4 ring of protection
 N - the ring of Miupiluf (left hand) {rElec rC+ rN++ Str+6 Int-3}
   (You found it on level 1 of the Vaults)

   [ring of strength]

   Str:       It affects your strength (+6).
   Int:       It affects your intelligence (-3).
   rC:        It protects you from cold.
   rElec:     It insulates you from electricity.
   rN:        It greatly protects you from negative energy.
 S - a +4 ring of evasion (right hand)
 X - an amulet of the acrobat (around neck)
 Z - a ring of fire
Wands
 i - a wand of flame (35) (quivered)
 o - a wand of paralysis (20)
 x - a wand of mindburst (14)
 O - a wand of iceblast (7)
 T - a wand of acid (5)
 Y - a wand of digging (2)
Scrolls
 n - 7 scrolls of teleportation
 p - 3 scrolls of magic mapping
 t - 4 scrolls of holy word
 z - 4 scrolls of silence
 G - 9 scrolls of blinking
 M - 4 scrolls of fear
Potions
 b - 5 potions of flight
 d - 5 potions of might
 e - 4 potions of ambrosia
 g - 2 potions of resistance
 l - 4 potions of mutation
 m - 5 potions of curing
 s - a potion of invisibility
 C - 3 potions of lignification
 H - 2 potions of cancellation
 K - 3 potions of haste


   Skills:
 + Level 16.6 Fighting
 * Level 22.5 Axes
 + Level 16.6 Armour
 + Level 15.0 Dodging
 + Level 16.6 Shields


You had 16 spell levels left.
You didn't know any spells.
Your spell library contained the following spells:

 Spells                   Type           Power      Damage    Failure   Level
 Magic Dart               Conj           0%         1d3       94%         1
 Pain                     Necr           0%         1d4       94%         1
 Ensorcelled Hibernation  Hex/Ice        0%         N/A       98%         2
 Passwall                 Tmut/Erth      0%         N/A       98%         2
 Searing Ray              Conj           0%         2d4       98%         2
 Ozocubu's Armour         Ice            0%         N/A       100%        3
 Portal Projectile        Hex/Tloc       0%         N/A       100%        3
 Spider Form              Tmut/Pois      0%         N/A       100%        3
 Swiftness                Air            0%         N/A       100%        3
 Vampiric Draining        Necr           0%         2d6       100%        3
 Anguish                  Hex/Necr       0%         N/A       100%        4
 Fulminant Prism          Conj/Hex       0%         3d6       100%        4
 Iskenderun's Mystic Bla  Conj/Tloc      0%         2d3       100%        4
 Blade Hands              Tmut           0%         N/A       100%        5
 Excruciating Wounds      Necr           0%         N/A       100%        5
 Fireball                 Conj/Fire      0%         3d3       100%        5
 Freezing Cloud           Conj/Ice/Air   0%         6-21      100%        5
 Iskenderun's Battlesphe  Conj           0%         2d6       100%        5
 Lee's Rapid Deconstruct  Erth           0%         3d5*      100%        5
 Conjure Ball Lightning   Conj/Air       0%         3x3d6     100%        6
 Iron Shot                Conj/Erth      0%         9d1       100%        6
 Enfeeble                 Hex            0%         N/A       100%        7
 Orb of Destruction       Conj           0%         9d5       100%        7
 Ozocubu's Refrigeration  Ice            0%         4d5       100%        7
 Polar Vortex             Ice            0%         N/A       100%        9
 Animate Skeleton         Necr           Unusable   N/A       N/A         1
 Tukima's Dance           Hex            Unusable   N/A       N/A         3
 Animate Armour           Summ/Erth      Unusable   N/A       N/A         4
 Simulacrum               Ice/Necr       Unusable   N/A       N/A         6

Dungeon Overview and Level Annotations

Branches:
Dungeon (15/15)            Temple (1/1) D:6            Lair (6/6) D:9
  Swamp (0/4) Lair:3        Snake (4/4) Lair:4          Orc (0/2) D:10
 Vaults (1/5) D:14         Depths (0/4) D:15
  Slime: Lair:5-6

Altars:
Ashenzari
Cheibriados
Dithmenos
Elyvilon
Fedhas
Gozag
Hepliaklqana
Kikubaaqudgha
Makhleb
Nemelex Xobeh
Okawaru
Qazlal
Ru
Sif Muna
Trog
Uskayaw
Vehumet
Wu Jian
Xom
Yredelemnul
Zin
The Shining One

Shops:
D:6 !   D:12 [   D:14 :   Snake:2 [

Annotations:
D:9 exclusion: oklob plant
Lair:6 exclusions: obsidian statue and 4 oklob plants


Innate Abilities, Weirdness & Mutations

You have a pair of horns on your head.
You reflexively headbutt those who attack you in melee.


Message History

The vault sentinel blows a loud note on a signal horn!
Things that are here:
a +0 scale mail; a human corpse; a very ugly thing corpse You slice the deep troll!!
You headbutt the deep troll.
The deep troll is almost dead.
You slice the vault sentinel!!
Unknown command.
Unknown command.
You slice the deep troll!!
You kill the deep troll!
Okawaru accepts your kill.
You slice the vault sentinel!!
Your +3 spectral war axe hits the vault sentinel but does no damage.
The vault sentinel casts a spell at you.
The mark upon you grows brighter.
You slice the vault sentinel!!
You kill the vault sentinel!
Okawaru accepts your kill.
Unknown command.
A centaur warrior comes into view.
You feel a strong urge to attack something.
You are no longer berserk.
You are exhausted.
You feel yourself slow down.
The vault sentinel blows a loud note on a signal horn!
Items here: $ )) [.
You slash the frost giant! You headbutt the frost giant!
The frost giant is moderately wounded.
The frost giant closely misses you.
Unknown command.
You slash the frost giant! You headbutt the frost giant!
The frost giant is severely wounded.
You block the frost giant's attack.
The frost giant points at you and mumbles some strange words.
The bolt of cold misses you.
Unknown command.
You slash the frost giant!
The frost giant is severely wounded.
The frost giant hits you with a +0 battleaxe of freezing!!
You die...

#..#######***************
#.........,,,,,,,,,,,,,,,
#.........,,,,,,,,,,,,,,,
#.........,,,,,,,,,,,,,,,
#..######**********,,,,,,
#..######** *******,,,,,,
#..#*$...,* *,,,,,*,,,,,,
#..#**#)#######.#**,,,,,,
#..# #†@Cpc....# *,,,,,,
#..####[###c###.#**,,,,**
#..##(...?#.#,,,,,*,,,,*,
#..########.#******,,,,*,
#..+........# *,,,,*,
#..########.#******,,,,*,
#..#*,,,,,#.#,,,,,*,,,,*,
#..#***,**#.#**,***,,,,*,
#..# *,,,...,,,* *,,,,*,


You could see a frost giant, 2 centaur warriors and a vault sentinel.

Vanquished Creatures
  Vashnia (Snake:3)
  Nikola (Snake:3)
  7 nagarajas
  Aizul (Snake:4)
  Louise (Snake:4)
  5 very ugly things (Vaults:1)
  An ironbound preserver (Vaults:1)
  The ghost of Ludaler the Severer, a journeyman DDGl of Trog (Lair:5)
  Azrael (D:12)
  A stone giant (Vaults:1)
  4 dire elephants (Lair:6)
  2 crystal guardians (Vaults:1)
  An ettin (D:15)
  Josephine (D:12)
  The ghost of Emifonlual the Unseen, a journeyman SpEn of Dithmenos (Lair:4)
  8 anacondas
  A salamander tyrant (Snake:1)
  4 boulder beetles
  3 vault guards (D:14)
  9 hydras
  6 centaur warriors
  19 naga warriors
  An ironbound frostheart (Vaults:1)
  A peacekeeper (Vaults:1)
  Erica (D:8)
  3 two-headed ogres
  A dancing weapon (Lair:4)
  2 tengu warriors (D:15)
  11 death yaks
  7 shock serpents
  25 naga sharpshooters
  A spectral dire elephant (Lair:6)
  5 salamander mystics
  5 deep trolls
  A spectral anaconda (Lair:6)
  A swamp dragon (Lair:3)
  A glowing orange brain (Vaults:1)
  4 naga ritualists
  2 lindwurms (Lair:6)
  An orc knight (D:15)
  3 wizards
  3 deep elf pyromancers
  5 necromancers
  9 salamanders
  9 mana vipers
  24 ugly things
  A manticore (D:14)
  An orc sorcerer (D:15)
  7 cyclopes
  Maurice (D:12)
  27 elephants
  39 black mambas
  2 vault sentinels (Vaults:1)
  20 naga magi
  2 guardian serpents
  4 gargoyles
  A torpor snail (Lair:3)
  A dire elephant skeleton (Lair:6)
  2 unseen horrors (D:11)
  A kobold demonologist (D:9)
  6 efreet
  10 komodo dragons
  A rime drake (shapeshifter) (D:8)
  19 cane toads
  2 freezing wraiths (D:14)
  4 trolls
  3 hornets
  Grinder (D:5)
  5 polar bears
  2 spectral elephants (Lair:6)
  25 slime creatures
  Prince Ribbit (Lair:3)
  14 dream sheep
  12 blink frogs
  A shadow (D:9)
  Sigmund (D:3)
  4 centaur simulacra
  7 wraiths
  46 yaks
  The ghost of Vangrel the Chopper, an amateur HOFi (D:5)
  8 humans (D:14)
  5 basilisks
  4 fire elementals (D:12)
  3 steam dragons
  A warg (D:15)
  A death yak simulacrum (Lair:6)
  7 vampire mosquitoes
  54 nagas
  2 hell hounds (D:12)
  13 water moccasins
  3 orc warriors
  2 ice beasts
  An elephant zombie (Lair:6)
  2 ogres
  8 wolves
  14 centaurs
  2 phantoms (D:5)
  11 bullfrogs
  2 kobold brigands
  2 gnoll sergeants
  A scorpion (D:6)
  17 wights
  2 elephant simulacra (Lair:6)
  15 killer bees
  3 howler monkeys
  6 electric eels
  7 hounds
  A gnoll shaman (D:7)
  4 jellies (D:9)
  7 iguanas
  6 orc priests
  Terence (D:3)
  11 orc wizards
  Natasha (D:3)
  5 hell rats (Lair:2)
  5 adders
  26 gnolls
  3 river rats (D:9)
  A shadow imp (D:7)
  3 white imps
  5 ufetubi (D:12)
  3 worms
  5 dart slugs
  28 orcs
  3 ball pythons
  18 endoplasms
  14 giant cockroaches
  2 goblins
  10 hobgoblins
  5 jackals (D:2)
  14 kobolds
  8 quokkas
  5 bats
  3 frilled lizards
  4 rats
  A butterfly (Lair:5)
877 creatures vanquished.

Vanquished Creatures (others)
  A vault guard (D:14)
  A black mamba (Snake:1)
  A slime creature (D:12)
  A fire elemental (D:12)
  A vampire mosquito (D:12)
  A centaur (D:12)
  29 fungi
  50 plants
  22 withered plants (Lair:6)
107 creatures vanquished.

Grand Total: 984 creatures vanquished

Notes
Turn   | Place    | Note
-------+----------+-------------------------------------------
     0 | D:1      | nuaici the Minotaur Fighter began the quest for the Orb.
     0 | D:1      | Reached XP level 1. HP: 19/19 MP: 0/0
   272 | D:1      | Reached XP level 2. HP: 25/27 MP: 1/1
   298 | D:1      | Found a faded altar of an unknown god.
   348 | D:1      | Reached skill level 3 in Axes
   791 | D:2      | Reached skill level 1 in Dodging
   791 | D:2      | Reached XP level 3. HP: 27/33 MP: 2/2
  1038 | D:2      | Reached XP level 4. HP: 39/40 MP: 3/3
  1053 | D:2      | Reached skill level 4 in Axes
  1519 | D:2      | Reached XP level 5. HP: 45/47 MP: 4/4
  1901 | D:3      | Noticed Sigmund
  1930 | D:3      | Killed Sigmund
  1931 | D:3      | Reached skill level 5 in Axes
  1931 | D:3      | Reached XP level 6. HP: 25/53 MP: 5/5
  2271 | D:3      | Noticed Terence
  2274 | D:3      | Killed Terence
  2447 | D:3      | Noticed Natasha
  2452 | D:3      | Reached skill level 5 in Armour
  2454 | D:3      | Killed Natasha
  2455 | D:3      | Reached skill level 5 in Fighting
  2455 | D:3      | Reached skill level 5 in Shields
  2991 | D:4      | Reached XP level 7. HP: 61/61 MP: 6/6
  3677 | D:5      | Entered Level 5 of the Dungeon
  3716 | D:5      | Reached skill level 6 in Axes
  3942 | D:5      | Noticed Grinder
  3965 | D:5      | Killed Grinder
  4009 | D:5      | Noticed Vangrel's ghost (amateur HOFi)
  4012 | D:5      | Found a runed translucent door.
  4024 | D:5      | Killed Vangrel's ghost
  4025 | D:5      | Reached skill level 7 in Axes
  4025 | D:5      | Reached XP level 8. HP: 34/70 MP: 7/7
  4026 | D:5      | Identified the +6 chain mail of Yrcheutzo {Drain rElec
                  | rC+++ Stlth-}
  5280 | D:6      | Reached skill level 8 in Axes
  5467 | D:6      | Found Xuxtomouba's Distillery.
  5477 | D:6      | Bought a potion of curing for 42 gold pieces
  5477 | D:6      | Bought a potion of heal wounds for 70 gold pieces
  5477 | D:6      | Bought a potion of curing for 42 gold pieces
  5477 | D:6      | Bought a potion of curing for 42 gold pieces
  5477 | D:6      | Bought a potion of berserk rage for 70 gold pieces
  5721 | D:6      | Found a staircase to the Ecumenical Temple.
  5787 | D:6      | Reached XP level 9. HP: 56/75 MP: 8/8
  5796 | D:6      | Reached skill level 5 in Dodging
  5835 | Temple   | Entered the Ecumenical Temple
  6351 | Temple   | Became a worshipper of Warmaster Okawaru
  6553 | D:7      | Reached skill level 9 in Axes
  6569 | D:7      | Reached * piety under Okawaru
  7543 | D:7      | Reached skill level 10 in Axes
  7838 | D:8      | Found a sparkling altar of Nemelex Xobeh.
  7886 | D:8      | Reached ** piety under Okawaru
  7934 | D:8      | Reached XP level 10. HP: 57/88 MP: 9/9
  8311 | D:8      | Noticed Erica
  8320 | D:8      | Killed Erica
  8320 | D:8      | Reached *** piety under Okawaru
  8321 | D:8      | Reached skill level 11 in Axes
  8457 | D:8      | Noticed a gargoyle
  8465 | D:8      | Killed a gargoyle
  8527 | D:8      | Reached **** piety under Okawaru
  8942 | D:9      | Identified the +5 quarterstaff of Intimidation {vorpal,
                  | rElec rPois Str-3 SInv}
  8950 | D:9      | Noticed a rust devil
  8991 | D:9      | Noticed a five-headed hydra
  9001 | D:9      | Killed a five-headed hydra
  9001 | D:9      | Reached ***** piety under Okawaru
  9002 | D:9      | Reached skill level 12 in Axes
  9002 | D:9      | Reached XP level 11. HP: 66/97 MP: 10/10
  9388 | D:9      | Noticed a death yak
  9668 | D:9      | Noticed a death yak
  9668 | D:9      | Noticed a death yak
  9701 | D:9      | Killed a death yak
 10056 | D:9      | Killed a death yak
 10056 | D:9      | Identified the +4 scale mail of the Butcher {Stlth+}
                  | (Okawaru gifted it to you on level 9 of the Dungeon)
 10056 | D:9      | Received a gift from Okawaru
 10315 | D:9      | Killed a death yak
 10465 | D:9      | Found a staircase to the Lair.
 10645 | D:9      | Noticed an oklob plant
 10859 | D:10     | Entered Level 10 of the Dungeon
 10859 | D:10     | Noticed a two-headed ogre
 10919 | D:10     | Reached skill level 13 in Axes
 10934 | D:10     | Reached skill level 10 in Armour
 10943 | D:10     | Reached skill level 10 in Shields
 10953 | D:10     | Killed a two-headed ogre
 10954 | D:10     | Reached skill level 10 in Fighting
 10965 | D:10     | Found the amulet of the Four Winds {rN+ Will+++ Clar}
 11029 | D:10     | Received a gift from Okawaru
 11460 | D:10     | Found a staircase to the Orcish Mines.
 11865 | D:11     | Reached ****** piety under Okawaru
 11901 | D:11     | Noticed a seven-headed hydra
 11911 | D:11     | Killed a seven-headed hydra
 12148 | D:11     | Reached XP level 12. HP: 101/106 MP: 11/11
 12240 | D:11     | Identified the +4 trident "nuaici's Doom" {speed, rElec}
 12250 | D:11     | Identified a scroll of acquirement
 12254 | D:11     | Acquired the +0 tower shield of the Unseen Realm {Will+}
 12792 | D:12     | Noticed Azrael
 12807 | D:12     | Killed Azrael
 12808 | D:12     | Reached skill level 14 in Axes
 12829 | D:12     | Received a gift from Okawaru
 13188 | D:12     | Noticed Josephine
 13196 | D:12     | Killed Josephine
 13327 | D:12     | Found Voefiz's Armour Boutique.
 13331 | D:12     | Bought a scarf of resistance for 352 gold pieces
 13537 | D:12     | Noticed a two-headed ogre
 13540 | D:12     | Killed a two-headed ogre
 13721 | D:12     | Identified the +0 ring mail of the Locust {Rampage *Slow
                  | Dex+7} (Okawaru gifted it to you on level 12 of the
                  | Dungeon)
 13721 | D:12     | Received a gift from Okawaru
 13733 | D:12     | Reached skill level 15 in Axes
 13764 | D:12     | Noticed Maurice
 13787 | D:12     | Killed Maurice
 14454 | D:12     | Noticed a two-headed ogre
 14462 | D:12     | Killed a two-headed ogre
 14750 | D:13     | Noticed a centaur warrior
 14759 | D:13     | Killed a centaur warrior
 14760 | D:13     | Reached XP level 13. HP: 87/116 MP: 12/12
 14773 | D:13     | Reached skill level 10 in Dodging
 15444 | D:13     | Found a sacrificial altar of Ru.
 16188 | D:14     | Reached skill level 16 in Axes
 16320 | D:14     | Found Nek Numapre's Book Shoppe.
 16336 | D:14     | Received a gift from Okawaru
 17543 | D:14     | Found a gate to the Vaults.
 17775 | D:15     | Entered Level 15 of the Dungeon
 17834 | D:15     | Reached skill level 17 in Axes
 18488 | D:14     | Reached XP level 14. HP: 71/127 MP: 13/13
 18489 | D:14     | Identified the +1 robe of the Hanged Man {Rampage Stlth+}
                  | (Okawaru gifted it to you on level 14 of the Dungeon)
 18489 | D:14     | Received a gift from Okawaru
 19509 | D:15     | Found a staircase to the Depths.
 20436 | Lair:1   | Entered Level 1 of the Lair of Beasts
 20900 | Lair:1   | Found the +3 salamander hide armour {Flames rF++ rC--}
 22389 | Lair:3   | Received a gift from Okawaru
 22408 | Lair:3   | Found a staircase to the Swamp.
 22695 | Lair:3   | Reached skill level 18 in Axes
 22860 | Lair:3   | Noticed Prince Ribbit
 22872 | Lair:3   | Killed Prince Ribbit
 23478 | Lair:4   | Received a gift from Okawaru
 23613 | Lair:4   | Found a staircase to the Snake Pit.
 24155 | Lair:4   | Found a runed translucent door.
 24156 | Lair:4   | Found a shimmering altar of Xom.
 24156 | Lair:4   | Noticed Emifonlual's ghost (journeyman SpEn)
 24708 | Lair:4   | Killed Emifonlual's ghost
 25051 | Lair:5   | Reached XP level 15. HP: 137/137 MP: 14/14
 25347 | Lair:5   | Found a runed translucent gate.
 25347 | Lair:5   | Noticed Ludaler's ghost (journeyman DDGl)
 25348 | Lair:5   | Found a runed translucent gate.
 25352 | Lair:5   | Found a runed translucent gate.
 25500 | Lair:5   | Found a hide-covered altar of Uskayaw.
 25502 | Lair:5   | Found an ornate altar of the Wu Jian Council.
 26024 | Lair:5   | Killed Ludaler's ghost
 26286 | Lair:6   | Entered Level 6 of the Lair of Beasts
 26709 | Lair:6   | Reached skill level 19 in Axes
 26717 | Lair:6   | Identified the +0 cloak "Mioch" {Drain rPois Str+2 Dex+6}
                  | (Okawaru gifted it to you on level 6 of the Lair of Beasts)
 26717 | Lair:6   | Received a gift from Okawaru
 29730 | Snake:1  | Entered Level 1 of the Snake Pit
 30162 | Snake:1  | Identified the +1 pair of gloves "Kecvumen" {rPois Str+3}
                  | (Okawaru gifted it to you on level 1 of the Snake Pit)
 30162 | Snake:1  | Received a gift from Okawaru
 30979 | Snake:1  | Reached skill level 20 in Axes
 30998 | Snake:1  | Reached XP level 16. HP: 76/134 MP: 15/15
 31783 | Snake:1  | Reached skill level 15 in Armour
 31785 | Snake:1  | Reached skill level 15 in Shields
 31813 | Snake:1  | Reached skill level 15 in Fighting
 32905 | Snake:2  | Found a white marble altar of Elyvilon.
 32997 | Snake:2  | Found a stormy altar of Qazlal.
 33059 | Snake:2  | Received a gift from Okawaru
 33296 | Snake:2  | Found Wikaetut's Armour Shoppe.
 33850 | Snake:3  | Noticed Nikola
 33879 | Snake:3  | Killed Nikola
 34229 | Snake:3  | Reached skill level 21 in Axes
 34455 | Snake:3  | Identified the +1 hat of Arall {Slay+2} (Okawaru gifted it
                  | to you on level 3 of the Snake Pit)
 34455 | Snake:3  | Received a gift from Okawaru
 34945 | Snake:3  | Noticed Vashnia
 34997 | Snake:3  | Killed Vashnia
 35576 | Snake:4  | Entered Level 4 of the Snake Pit
 35583 | Snake:4  | Reached XP level 17. HP: 157/157 MP: 16/16
 35714 | Snake:4  | Noticed Aizul
 35735 | Snake:4  | Killed Aizul
 36948 | Snake:4  | Noticed Louise
 36961 | Snake:4  | Killed Louise
 37228 | Snake:4  | Received a gift from Okawaru
 37822 | Snake:4  | Reached skill level 22 in Axes
 38454 | Snake:4  | Got a serpentine rune of Zot
 38912 | Snake:2  | Bought the +5 ring mail "Fupur" {Regen+} for 540 gold
                  | pieces
 39600 | Vaults:1 | Entered Level 1 of the Vaults
 39631 | Vaults:1 | Identified the ring of Miupiluf {rElec rC+ rN++ Str+6
                  | Int-3}
 39695 | Vaults:1 | Identified the +1 pair of gloves of the Farrier {Int+3
                  | Slay+2} (Okawaru gifted it to you on level 1 of the Vaults)
 39695 | Vaults:1 | Received a gift from Okawaru
 40028 | Vaults:1 | Upgraded the game from 0.29-a0-323-g050149af67 to
                  | 0.29-a0-333-gb4c28e87c6
 40436 | Vaults:1 | Reached skill level 15 in Dodging
 40447 | Vaults:1 | HP: 7/160 [ironbound frostheart/creeping frost (15)]
 40447 | Vaults:1 | HP: 1/160 [ironbound frostheart (6)]
 40461 | Vaults:1 | Demolished by a frost giant

Illustrated notes

Levels and vault maps discovered:
D:1:      nzn_arrival_water_spiral, layout_rooms,
          hellmonk_ecumenical_altar_blasted, kennysheep_nondescript,
          supply_closet_lemuel, minmay_bisected
D:2:      minmay_roachtagon, layout_basic, amcnicky_mini_corridor_feature
D:3:      layout_loops_ring, uniq_sigmund, uniq_terence, uniq_natasha
D:4:      layout_layer_cave
D:5:      layout_basic, gammafunk_ghost_grave, uniq_grinder
D:6:      layout_basic, minmay_temple_entry_hall, serial_shops, shop_fountains
D:7:      layout_rooms, serial_bayou_lake_a
D:8:      layout_basic, mainiacjoe_overflow_alcove_1, hex_tiny,
          kennysheep_donut, minmay_radiant, uniq_erica
D:9:      lemuel_slime, layout_long_grid, dpeg_lair_monsters
D:10:     layout_basic, orc_0_dummy
D:11:     layout_irregular_city
D:12:     layout_roguey, serial_shops, nicolae_shop_trees, serial_ice,
          serial_ice_g, serial_ice_n, serial_ice_j, serial_ice_o, serial_ice_h,
          serial_ice_c, serial_ice_d, serial_ice_f, uniq_azrael, uniq_josephine,
          uniq_maurice
D:13:     layout_loops_cross, portal_ice_cave_entry_pillars_1,
          kennysheep_flooded_box, item_on_display_a
D:14:     layout_rooms, ximxim_vaults_locker_room, nrook_mini_backslash,
          serial_shops, kennysheep_mini, serial_rivers,
          chequers_serial_rivers_micro_a, chequers_serial_rivers_small_a,
          chequers_serial_rivers_micro_d, chequers_serial_rivers_micro_d,
          chequers_serial_rivers_small_3, chequers_serial_rivers_small_3
D:15:     hangedman_depths_entry_civil_slaughter, layout_cave_pools,
          roderic_lattice_octagonal_star
Temple:   mainiacjoe_temple_circle_huts
Lair:1:   layout_gridlike, serial_forest, infiniplex_forest_lined_1,
          infiniplex_forest_lined_2, infiniplex_forest_lined_corner,
          infiniplex_forest_pool, infiniplex_forest_clump_diagonal,
          infiniplex_forest_lined_3
Lair:2:   layout_chaotic_city
Lair:3:   wad_woods_structure_01, layout_long_grid, minmay_swamp_entry_reptiles,
          uniq_prince_ribbit2
Lair:4:   layout_cave_pods, guppyfry_snake_entry_garden, ebering_ghost_xom
Lair:5:   layout_roguey, ebering_ghost_rock_garden,
          nzn_masters_of_martial_movement, infiniplex_staircase_pool,
          lemuel_fruit_fields
Lair:6:   due_jungle_book, layout_long_grid, minmay_slime_entry_oklob_open,
          chequers_serial_rivers_micro_d, grunt_forest_small_clearing_treed,
          grunt_megastairs_3, serial_bayou_shore_b
Snake:1:  layout_onion_interference, nicolae_snake_scaly_snakehead
Snake:2:  layout_misc_corridors, serial_shops, nicolae_shop_statue_plus,
          basic_altar, lemuel_altar_in_water2
Snake:3:  layout_misc_corridors, nicolae_snake_boneroom, uniq_vashnia,
          uniq_nikola
Snake:4:  snake_pit, layout_cave_town, uniq_aizul, uniq_louise
Vaults:1: nicolae_vaults_angled_halls, v_misc_19,
          nicolae_vaults_branching_niches, hangedman_vaults_unwind,
          nicolae_vaults_ring_of_whatevers, nicolae_vaults_border_crossing,
          nicolae_vaults_shelves_hall, layout_vaults_omnigrid

Skill      XL: |  1  2  3  4  5  6  7  8  9 10 11 12 13 14 15 16 17 |
---------------+----------------------------------------------------+-----
Axes           | 3 4 5 7 8 10 12 13 15 17 18 20 21 22 | 22.5
Fighting       | 4 5 6 7 9 10 11 12 13 14 15 16 | 16.6
Dodging        | 1 2 3 4 6 7 8 9 11 12 13 14 15 | 15.0
Armour         | 4 5 6 8 9 10 11 12 13 14 15 16 | 16.6
Shields        | 4 5 6 7 9 10 11 12 13 14 15 16 | 16.6

Action                   |  1- 3 |  4- 6 |  7- 9 | 10-12 | 13-15 | 16-18 || total
-------------------------+-------+-------+-------+-------+-------+-------++-------
Melee: War axe           |    57 |   101 |   222 |   330 |  1002 |   794 ||  2506
       Headbutt          |     3 |    13 |    31 |    99 |   326 |   244 ||   716
       Trident           |       |       |       |    14 |    55 |    19 ||    88
       Battleaxe         |       |       |       |    48 |       |       ||    48
Evoke: Wand              |       |       |       |     4 |    10 |     1 ||    15
  Use: Scroll            |       |     7 |     9 |    10 |     7 |     3 ||    36
       Potion            |       |       |     1 |    12 |     4 |     8 ||    25
 Stab: Distracted        |       |     1 |       |     2 |    15 |    14 ||    32
       Invisible         |       |       |       |       |       |     2 ||     2
Armor: Chain mail        |    35 |    44 |    83 |   243 |   335 |   116 ||   856
       Scale mail        |     2 |       |       |       |       |       ||     2
       Plate armour      |       |     9 |    10 |       |       |       ||    19
       Ring mail         |       |       |       |       |       |     2 ||     2
Dodge: Dodged            |    31 |    51 |    72 |   143 |   256 |   321 ||   874
Block: Buckler           |    16 |    21 |    36 |    41 |       |       ||   114
       Kite shield       |       |       |       |    15 |       |       ||    15
       Tower shield      |       |       |       |   116 |   770 |   778 ||  1664

Table legend: (Time is in decaauts)
 A = Elapsed time spent in this place.
 B = Non-inter-level travel time spent in this place.
 C = Inter-level travel time spent in this place.
 D = Time resting spent in this place.
 E = Time spent auto-exploring this place.
 F = Levels seen in this place.
 G = Mean time per level.
                   A        B        C        D        E       F      G
               +--------+--------+--------+--------+--------+-----+--------+
         Total |  40445 |  38538 |   1907 |  11692 |  18895 |  27 | 1498.0 |
       Dungeon |  20412 |  19476 |    936 |   5317 |  10365 |  15 | 1360.8 |
        Temple |    536 |    498 |     38 |      0 |    443 |   1 |  536.0 |
          Lair |   9900 |   9260 |    640 |   2373 |   5199 |   6 | 1650.0 |
     Snake Pit |   8750 |   8457 |    293 |   3643 |   2861 |   4 | 2187.5 |
        Vaults |    845 |    845 |      0 |    359 |     26 |   1 |  845.0 |
               +--------+--------+--------+--------+--------+-----+--------+

Top non-repeatable levels by time:
  Lair:6: 3294 daAuts
    D:14: 3283 daAuts
 Snake:4: 2955 daAuts
     D:9: 2275 daAuts
 Snake:1: 2268 daAuts
 Snake:3: 2207 daAuts
  Lair:4: 2085 daAuts
    D:12: 1851 daAuts
    D:11: 1406 daAuts
    D:13: 1369 daAuts
  Lair:5: 1342 daAuts
 Snake:2: 1317 daAuts
  Lair:1: 1297 daAuts
     D:5: 1177 daAuts
     D:7: 1164 daAuts
